Match 41350935
Unlisted

Match 41350935
End
Kradschützen Motorcycle Team
Panzerpioneer Squad
Selects Armored Support Battlegroup
Panzergrenadier Squad
Panzergrenadier Squad
Construct Light Support Kompanie
Fire Support Elements
Selects Salvage Kits
Veteran Squad Leaders
2.5-tonne Medical Truck
Construct Panzerarmee Kommand
Selects Veteran Gunners
Panzergrenadier Squad
Armored Reserves
Selects Panzer Storm
Panzer IV Assault Group
Walking Stuka Rocket Launcher
Rapid Advance
Tungsten Core Ammunition
Emergency Repair Kits
Selects Stuka Anti-tank Loiter
Stuka Anti-tank Loiter
Tiger Heavy Tank
Construct Mechanized Kompanie
Advanced Field Repairs
Forward Retreat Point
Selects Flammpanzer III Medium Tank
Selects Battlefield Salvage
Walking Stuka Rocket Launcher
JIN_47
KimJeongEn
Cushlashed
giants041
dirtycrisis
jackal2150
JK
1Div MED
0
0

Comments sign in to comment!

No comments posted yet!